Map: Oxide LE

Players

ViBE - Winner!

  • Race: Terran Terran
  • League: Bronze
  • Spawn Location: 7:00

Niebieski

  • Race: Terran Terran
  • League: Silver
  • Spawn Location: 1:00

VOD

https://www.youtube.com/watch?v=VjhJ7E-kFgw&list=PLFeZeom2b4DnD3FIu7pzkXl51JX_WWz2h&index=2

Description

Time

  • Played on: March 10, 2021, 7:26 p.m.
  • Length: 18:48
Show
View Real Time Build Order
Export as new Build Order

ViBE Terran - Winner!

Build Orders:  

Get SALT Encoding   

  12  0:00  SCV  
  13  0:12  SCV  
  14  0:20  Supply Depot  
  14  0:24  SCV  
  15  0:41  SCV  
  16  0:43  Barracks  
  16  0:50  Refinery  
  16  0:53  SCV  
  17  1:06  SCV  
  18  1:19  SCV  
  19  1:32  Orbital Command  
  19  1:35  Marine  
  20  1:46  Command Center  
  20  1:53  Marine  
  21  1:58  Supply Depot  
  21  2:00  SCV  
  22  2:05  Factory  
  22  2:15  Barracks Reactor  
  22  2:16  SCV  
  23  2:28  Refinery, SCV  
  24  2:40  SCV  
  25  2:53  SCV  
  25  2:54  Factory Tech Lab  
  25  2:58  Barracks  
  26  3:03  Orbital Command  
  26  3:05  SCV  
  27  3:09  Marine x2  
  29  3:14  Siege Tank  
  29  3:17  SCV  
  33  3:29  SCV x2  
  35  3:35  Marine x2  
  39  3:41  SCV x2  
  39  3:46  Siege Tank  
  42  3:48  Starport  
  42  3:49  Barracks Tech Lab  
  42  3:53  Marine x2, SCV  
  45  3:59  SCV  
  46  4:05  Supply Depot x2  
  46  4:07  Supply Depot  
  46  4:10  SCV, Stimpack  
  46  4:11  Marine  
  46  4:12  Marine x2  
  46  4:13  SCV  
  51  4:22  SCV  
  52  4:24  Supply Depot  
  52  4:25  SCV  
  52  4:30  Starport Reactor  
  53  4:34  Marine x3, SCV  
  53  4:37  SCV  
  53  4:38  Siege Tank  
  61  4:49  Supply Depot  
  61  4:50  Supply Depot  
  61  4:52  Supply Depot  
  61  4:54  SCV x2  
  63  5:00  Marine x3  
  63  5:06  SCV x2  
  68  5:19  SCV x2  
  70  5:21  Command Center  
  70  5:29  Marine x3  
  70  5:32  Medivac x2  
  77  5:38  Refinery  
  77  5:40  Refinery  
  77  5:44  Engineering Bay  
  77  5:45  Engineering Bay  
  77  5:46  SCV x2  
  77  5:49  Marine x3  
  82  6:00  SCV  
  82  6:01  SCV  
  82  6:04  Medivac x2  
  86  6:07  Marine x3  
  91  6:26  Supply Depot x2  
  91  6:27  Terran Infantry Armor Level 1, Terran Infantry Weapons Level 1  
  91  6:28  Supply Depot, SCV  
  91  6:29  SCV  
  91  6:30  Marine x3  
  96  6:37  Orbital Command  
  96  6:39  Medivac x2  
  100  6:43  SCV x2  
  102  6:47  Marine  
  102  6:48  Marine x2  
  105  6:58  Barracks  
  105  6:59  Barracks  
  105  7:02  SCV x2, Barracks  
  105  7:03  SCV  
  105  7:04  Barracks  
  105  7:17  SCV x3  
  105  7:19  Marine  
  105  7:20  Marine x2  
  105  7:21  Medivac  
  105  7:22  Medivac  
  108  7:26  Armory  
  107  7:30  SCV x3  
  108  7:48  SCV x3  
  111  7:53  Barracks Reactor x4  
  111  7:59  Marine x3  
  111  8:00  SCV x3  
  111  8:01  Medivac x2  
  121  8:12  SCV x2  
  123  8:17  SCV  
  124  8:23  Missile Turret  
  124  8:24  SCV x2  
  124  8:27  Missile Turret  
  126  8:29  SCV, Missile Turret  
  127  8:45  Command Center  
  127  8:48  Marine x10  
  127  8:49  Marine  
  127  8:52  Medivac  
  127  8:53  Medivac  
  142  8:57  Refinery  
  142  8:59  Refinery  
  142  9:00  Terran Infantry Weapons Level 2  
  142  9:04  Terran Infantry Armor Level 2  
  142  9:06  Marine x5, SCV  
  148  9:13  Supply Depot  
  148  9:15  Supply Depot  
  148  9:16  Supply Depot, Combat Shield  
  146  9:44  SCV x3  
  146  9:45  Marine x11  
  149  9:48  Medivac x2  
  149  9:51  Terran Vehicle Weapons Level 1  
  160  9:57  SCV x2  
  160  9:58  SCV, Missile Turret  
  163  10:00  Planetary Fortress  
  163  10:03  Marine  
  163  10:06  Command Center  
  158  10:14  SCV  
  158  10:15  SCV x2  
  158  10:19  Marine x4  
  158  10:20  Marine  
  166  10:21  Marine  
  166  10:26  SCV  
  166  10:27  SCV x2  
  170  10:39  SCV x3  
  173  10:43  Missile Turret  
  173  10:45  Missile Turret  
  173  10:51  Medivac x2  
  177  10:58  Missile Turret  
  177  11:15  Marine  
  177  11:16  Marine x10  
  188  11:21  Medivac x2  
  191  11:33  Marine  
  191  11:40  SCV x2  
  191  11:41  Marine x6, SCV  
  200  11:54  Concussive Shells  
  200  12:14  Barracks  
  200  12:15  Barracks  
  198  12:16  Barracks x2  
  198  12:17  Barracks  
  198  12:18  Barracks  
  198  12:20  Barracks  
  198  12:21  Barracks  
  198  12:29  Starport  
  198  12:32  Barracks  
  198  12:33  Barracks  
  198  12:34  Barracks x2  
  198  12:36  Barracks x2  
  198  12:39  Barracks  
  198  12:45  Terran Infantry Armor Level 3, Terran Infantry Weapons Level 3  
  198  12:47  Terran Vehicle Weapons Level 2  
  198  12:57  Planetary Fortress  
  198  13:04  Barracks Tech Lab  
  198  13:05  Barracks Tech Lab x3  
  194  13:07  Barracks Reactor  
  194  13:08  Barracks Reactor  
  184  13:13  Missile Turret  
  184  13:17  SCV x4  
  169  13:21  Marine  
  169  13:22  Marine x10  
  169  13:26  Starport Reactor  
  160  13:27  Barracks Reactor x5  
  160  13:28  Barracks Reactor x2  
  160  13:29  SCV x4  
  160  13:30  Barracks Reactor  
  160  13:31  Marine  
  160  13:32  Marine x4  
  153  13:36  SCV  
  153  13:39  Marine x2  
  145  13:41  SCV x2  
  145  13:42  SCV x2  
  145  13:47  Command Center  
  145  13:48  SCV  
  131  13:53  SCV  
  131  13:54  SCV x3  
  125  14:00  SCV  
  121  14:05  SCV  
  121  14:06  SCV x3  
  123  14:12  SCV  
  117  14:18  Marine x3, SCV x4, Marauder x5  
  117  14:19  Marine x28  
  117  14:20  Medivac  
  117  14:21  Medivac x3  
  162  14:24  SCV  
  162  14:30  SCV  
  162  14:35  SCV x2  
  162  14:36  Marine x3, SCV  
  168  14:39  Marauder x5  
  178  14:50  Medivac  
  180  14:59  Planetary Fortress, Missile Turret  
  180  15:02  Marine x5, Marauder x3  
  180  15:03  Marine x5, Marauder x2  
  200  15:24  Marauder  
  196  15:44  Command Center  
  196  15:48  Medivac  
  196  15:49  Medivac x3  
  200  15:51  Neosteel Armor, Hi-Sec Auto Tracking  
  194  16:10  Marine x9  
  168  16:33  Marine x15, Marauder x5  
  168  16:34  Marine x8  
  168  16:35  Marine x2  
  193  16:41  Medivac x4  
  193  16:42  Marine x5  
  193  16:43  Marine  
  186  16:51  Marine x16  
  186  16:52  Marine  
  200  16:58  Missile Turret  
  200  17:01  Planetary Fortress  
  196  17:58  Marauder x4  
  188  17:59  Medivac x4, Marauder  
  188  18:00  Marine x6  
  188  18:01  Marine  
  199  18:10  Command Center  
  198  18:16  Marine x3  
Show
View Real Time Build Order
Export as new Build Order

Niebieski Terran 

Build Orders:  

Get SALT Encoding   

  12  0:05  SCV  
  13  0:15  Supply Depot  
  13  0:18  SCV  
  14  0:33  SCV  
  15  0:40  Barracks  
  15  0:45  SCV  
  15  0:48  Refinery  
  16  1:00  SCV  
  17  1:12  SCV  
  18  1:28  SCV  
  19  1:32  Command Center  
  19  1:34  Marine  
  20  1:40  SCV  
  21  1:52  Marine, SCV  
  23  1:57  Supply Depot  
  23  2:11  Factory  
  23  2:18  Marine, SCV  
  25  2:30  SCV  
  25  2:36  Marine  
  27  2:39  Refinery  
  27  2:43  SCV  
  28  2:48  SCV  
  29  3:00  SCV  
  29  3:04  Starport  
  30  3:11  SCV  
  30  3:12  SCV  
  32  3:23  SCV  
  32  3:24  SCV, Bunker  
  34  3:29  Widow Mine  
  34  3:32  Marine  
  37  3:35  SCV  
  37  3:36  SCV  
  39  3:42  Starport Tech Lab  
  39  3:47  SCV  
  40  3:48  SCV  
  40  3:49  Starport  
  40  3:50  Marine, Widow Mine  
  44  3:59  SCV  
  44  4:01  SCV  
  46  4:05  Supply Depot  
  46  4:22  Barracks  
  46  4:26  Marine, Banshee  
  46  4:27  SCV x2, Starport Reactor  
  46  4:30  Widow Mine  
  54  4:40  Supply Depot  
  54  4:41  Cloaking Field  
  54  4:45  Engineering Bay  
  54  4:52  Factory  
  54  5:01  Marine  
  54  5:02  SCV x2, Widow Mine  
  59  5:11  Supply Depot, Barracks Tech Lab  
  59  5:18  Missile Turret  
  59  5:20  Banshee  
  62  5:21  Missile Turret  
  62  5:29  Orbital Command  
  62  5:33  Widow Mine  
  62  5:34  Command Center  
  64  5:41  Factory Reactor  
  64  5:45  Factory  
  64  5:47  Refinery  
  64  5:51  Refinery  
  64  5:55  Widow Mine  
  66  5:59  Missile Turret  
  66  6:01  Missile Turret  
  66  6:16  Widow Mine  
  68  6:20  SCV  
  69  6:30  Hyperflight Rotors  
  69  6:32  SCV  
  70  6:37  Missile Turret  
  70  6:45  Missile Turret  
  70  6:46  SCV, Widow Mine x2  
  75  6:47  Supply Depot  
  75  6:52  Barracks Reactor  
  75  6:55  SCV  
  75  6:58  SCV  
  77  7:01  Factory Reactor  
  77  7:06  Starport  
  77  7:07  SCV  
  77  7:08  Widow Mine x2  
  82  7:10  SCV  
  83  7:19  SCV  
  83  7:22  SCV  
  85  7:31  SCV  
  83  8:06  Viking x2  
  83  8:07  Missile Turret  
  84  8:14  Widow Mine x2  
  84  8:15  Widow Mine  
  84  8:16  Widow Mine  
  92  8:22  Starport, Starport Reactor  
  92  8:27  Missile Turret  
  92  8:28  Armory  
  92  8:29  Marine  
  93  8:44  Supply Depot  
  93  8:48  Factory  
  93  8:53  Viking  
  93  9:02  Neosteel Armor  
  93  9:05  Marine, Supply Depot, Widow Mine x2, SCV, Viking  
  93  9:06  Factory Tech Lab  
  101  9:17  Combat Shield  
  101  9:20  Terran Ship Weapons Level 1  
  101  9:25  Supply Depot  
  101  9:26  Banshee  
  101  9:27  SCV, Widow Mine x2  
  109  9:32  Starport Reactor, Missile Turret  
  109  9:41  SCV, Widow Mine, Marauder  
  108  9:48  Widow Mine  
  110  9:53  SCV, Factory Reactor  
  110  9:55  Viking x2  
  115  10:03  Marauder  
  115  10:04  Starport  
  117  10:12  Marine x2, SCV, Banshee  
  113  10:18  Factory  
  113  10:24  Marine, Bunker, SCV  
  113  10:25  Viking  
  117  10:40  Drilling Claws  
  117  10:41  Missile Turret  
  117  10:42  Starport Tech Lab  
  117  10:44  Missile Turret  
  117  10:48  Hi-Sec Auto Tracking  
  117  10:49  Starport  
  117  11:00  Factory  
  117  11:15  Terran Vehicle And Ship Armor Level 1  
  117  11:24  Command Center  
  117  11:33  Factory Reactor  
  117  11:35  SCV x2, Marauder  
  117  11:36  Supply Depot  
  115  11:43  Hellbat x2  
  115  11:46  Factory Reactor  
  115  11:47  SCV x2  
  117  11:55  Starport  
  117  11:59  SCV  
  117  12:04  Hellbat  
  117  12:06  Orbital Command  
  119  12:13  Widow Mine x2  
  115  12:39  Hellbat, Factory  
  99  13:02  Orbital Command  
  74  14:02  Widow Mine  
  66  14:23  Marine, Bunker, Widow Mine  
  69  14:30  SCV  
  70  14:34  Orbital Command  
  70  14:41  Marine  
  70  14:42  SCV  
  70  14:45  Widow Mine  
  74  14:53  Bunker  
  74  14:54  SCV  
  74  14:55  Bunker  
  74  14:59  Marine, Barracks  
  76  15:06  SCV  
  77  15:13  Widow Mine x2  
  81  15:16  Marine  
  81  15:18  SCV  
  83  15:25  Supply Depot  
  83  15:28  Supply Depot  
  83  15:29  Banshee  
  84  15:38  Marine  
  83  15:46  Banshee  
  80  15:50  Marine x2, Bunker  
  80  15:54  Bunker  
  80  15:56  Marine x2  
  76  15:57  Bunker  
  70  16:08  Marine x2  
  64  16:26  Marine  
  64  16:28  Marine  
  62  16:34  Banshee  
  62  16:35  Banshee  
  62  16:36  Marine  
  55  16:44  Marine  
  54  16:54  Marine  
  52  16:55  Bunker  
  53  17:02  Marine  
  54  17:11  Marine  
  55  17:17  Banshee  
  55  17:19  Orbital Command  
  55  17:20  Marine  
  59  17:29  Marine  
  60  17:32  Marauder  
  62  17:54  Marauder  
  60  18:00  Banshee  
  34  18:17  Medivac  
  33  18:20  SCV  
  34  18:32  SCV  
Tags
 
Matchup
TvT
Player
ViBE
Race
Terran
Replay Pack
Bronze_League
Spawn Locations
Cross Positions
Add a new tag
Caveats
  • Supply blocks, unpowered buildings, or Contaminate may cause inaccurate times.
  • Supply counts are checked every 10 seconds.